 Dungeon Crawl Stone Soup version 0.20.0-8-g6b59dc7 (webtiles) character file.

25 Lavandula the Grave Robber (level 2, 16/22 HPs)
             Began as a Deep Dwarf Necromancer on June 1, 2017.
             Quit the game on level 1 of the Dungeon.
             The game lasted 00:02:28 (754 turns).

Lavandula the Grave Robber (Deep Dwarf Necromancer)  Turns: 754, Time: 00:02:29

Health: 16/22      AC:  2    Str: 11    XL:     2   Next: 82%
Magic:  5/5        EV: 12    Int: 15    God:
Gold:   23         SH:  0    Dex: 13    Spells: 4/6 levels left

rFire    . . .     SeeInvis .   (no weapon)
rCold    . . .     Gourm    .   (no shield)
rNeg     . . .     Faith    .   a - +0 robe
rPois    .         Spirit   .   (no helmet)
rElec    .         Reflect  .   (no cloak)
rCorr    .         Harm     .   (no gloves)
MR       .....                  (no boots)
Stlth    ++........             (no amulet)
Regen    0.0/turn               (no ring)
MPRegen  0.1/turn               (no ring)

@: non-regenerating
A: damage resistance, heal wounds, sense surroundings 1, no regeneration
a: Heal Wounds


You were on level 1 of the Dungeon.
You were not hungry.

You visited 1 branch of the dungeon, and saw 1 of its levels.

You collected 23 gold pieces.

Inventory:

Armour
 a - a +0 robe (worn)
Scrolls
 d - 3 scrolls of identify {unknown}
 h - a scroll of remove curse {unknown}
Potions
 e - 2 potions of haste {unknown}
Books
 b - a book of Necromancy

   Spells                             Type                      Level
   a - Pain                           Necromancy                   1
   b - Animate Skeleton               Necromancy                   1
   c - Vampiric Draining              Necromancy                   3
   d - Regeneration                   Charms/Necromancy            3
   e - Animate Dead                   Necromancy                   4
   f - Control Undead                 Necromancy                   4
Comestibles
 c - a bread ration
 f - a royal jelly


   Skills:
 - Level 2.1 Dodging
 - Level 2.4 Stealth
 - Level 0.1 Unarmed Combat
 + Level 2.5 Spellcasting
 - Level 4.7 Necromancy


You had 4 spell levels left.
You knew the following spells:

 Your Spells              Type           Power        Failure   Level  Hunger
a - Pain                  Necr           ###.         3%          1    #......
b - Animate Skeleton      Necr           N/A          3%          1    #......


Dungeon Overview and Level Annotations

Branches:
Dungeon (1/15)

Altars:


Innate Abilities, Weirdness & Mutations

You are resistant to damage.
You can heal yourself by infusing magical energy.
You passively map a small area around you.
You do not regenerate.


Message History

You start resting.
Magic restored.
Things that are here:
a club; a goblin corpse
There is a dry fountain here.
Found a stone staircase leading down.
There is a stone staircase leading down here.
A bat comes into view.
A bat is nearby!
Casting: Pain
Confirm with . or Enter, or press ? or * to list all spells.
You can't see any susceptible monsters within range! (Use Z to cast anyway.)
Casting: Pain
Confirm with . or Enter, or press ? or * to list all spells.
You can't see any susceptible monsters within range! (Use Z to cast anyway.)
Casting: Pain
Confirm with . or Enter, or press ? or * to list all spells.
Okay, then.
The bat is too close now for your liking.
Are you sure you want to abandon this character and quit the game? (Confirm with "yes".)

###.#### #.# #####..... #.#
#.## ##>####### #.# ##.###.##
##'## ##...## ##...## ###.#
##.....## ####.# ##...b...##
##.##.# #
#.....(...####...#.#########
+.........รท@................
#.........####...#.##.######
, ##.......## ##..#.##.# #
##.....## ##.#.##.# * ##...##
#.#.##.# ## ##'## #.#.##.# #.
* #.# #.#.##.# #. * #.#
#......# #. #####.###
###.#### #.


You could see a bat.

Vanquished Creatures
  An ooze (D:1)
  A dart slug (D:1)
  A leopard gecko (D:1)
  2 bats (D:1)
  4 goblins (D:1)
  2 hobgoblins (D:1)
  3 jackals (D:1)
  A kobold (D:1)
  2 rats (D:1)
17 creatures vanquished.

Notes
Turn   | Place    | Note
-------+----------+-------------------------------------------
     0 | D:1      | Lavandula the Deep Dwarf Necromancer began the quest for the Orb.
     0 | D:1      | Reached XP level 1. HP: 15/15 MP: 3/3
   262 | D:1      | Learned a level 1 spell: Animate Skeleton
   292 | D:1      | Reached XP level 2. HP: 8/22 MP: 1/4
   754 | D:1      | Quit the game

Skill      XL: |  1  2 |
---------------+-------+-----
Spellcasting   | 2 |  2.5
Dodging        | |  2.1
Stealth        | |  2.4
Unarmed Combat | |  0.1
Necromancy     | |  4.7

Action                   || total
-------------------------++-------
Melee: Unarmed           ||    28
       Punch             ||     1
 Cast: Pain              ||    32
       Animate Skeleton  ||     2
 Abil: Heal Wounds       ||     1
Armor: Robe              ||     9
Dodge: Dodged            ||    25
